 Dungeon Crawl Stone Soup version 0.26-a0-660-gc07710193c (webtiles) character file.

Game seed: 3674281824920350456

24 jiml777 the Grasshopper (level 3, 0/46 HPs)
             Began as a Gnoll Warper on Oct 7, 2020.
             Succumbed to an adder's poison
             ... on level 1 of the Dungeon.
             The game lasted 00:02:33 (1347 turns).

jiml777 the Grasshopper (Gnoll Warper)              Turns: 1347, Time: 00:02:33

Health: 0/46       AC: 11    Str: 13    XL:     3   Next: 2%
Magic:  9/9        EV:  4    Int: 16    God:
Gold:   66         SH:  0    Dex: 14    Spells: 11/11 levels left

rFire    . . .     SeeInvis .   a - +0 spear
rCold    . . .     Faith    .   (no shield)
rNeg     . . .     Spirit   .   g - +0 plate armour
rPois    .         Reflect  .   (no helmet)
rElec    .         Harm     .   (no cloak)
rCorr    .         Rampage  .   (no gloves)
MR       .....                  (no boots)
Stlth    ..........             (no amulet)
HPRegen  0.15/turn              (no ring)
MPRegen  0.11/turn              (no ring)

@: berserking, lethally poisoned (0 -> -2), very quick
A: distributed training, fangs 1, strong nose
a: no special abilities


You were on level 1 of the Dungeon.
You visited 1 branch of the dungeon, and saw 2 of its levels.

You collected 66 gold pieces.

Inventory:

Hand Weapons
 a - a +0 spear (weapon)
Missiles
 e - 5 boomerangs of dispersal (quivered)
 f - 7 curare-tipped darts
Armour
 b - a +0 leather armour
 g - a +0 plate armour (worn)
Scrolls
 c - a scroll of noise {unknown}
 d - a scroll of blinking
 i - a scroll of teleportation {unknown}
Potions
 h - a potion of might {unknown}


   Skills:
 + Level 4.5 Fighting
 + Level 0.5 Short Blades
 + Level 0.5 Long Blades
 + Level 0.5 Axes
 + Level 0.5 Maces & Flails
 + Level 4.5 Polearms
 + Level 0.5 Staves
 + Level 0.5 Slings
 + Level 0.5 Bows
 + Level 0.5 Crossbows
 + Level 2.5 Throwing
 + Level 2.5 Armour
 + Level 4.5 Dodging
 + Level 0.5 Stealth
 + Level 0.5 Shields
 + Level 0.5 Unarmed Combat
 + Level 4.9 Spellcasting
 + Level 0.4 Conjurations
 + Level 0.4 Hexes
 + Level 0.4 Summonings
 + Level 0.4 Necromancy
 + Level 5.4 Translocations
 + Level 0.4 Transmutations
 + Level 0.4 Fire Magic
 + Level 0.4 Ice Magic
 + Level 0.4 Air Magic
 + Level 0.4 Earth Magic
 + Level 0.4 Poison Magic
 + Level 0.7 Invocations
 + Level 0.5 Evocations


You had 11 spell levels left.
You didn't know any spells.
Your spell library contained the following spells:

 Spells                   Type           Power        Failure   Level
 Blink                    Tloc           N/A          98%         2
 Gell's Gravitas          Tloc           ###.......   100%        3
 Lesser Beckoning         Tloc           ###.......   100%        3
 Teleport Other           Tloc           ###.....     100%        3
 Passage of Golubria      Tloc           N/A          100%        4


Dungeon Overview and Level Annotations

Branches:
Dungeon (2/15)

Altars:


Innate Abilities, Weirdness & Mutations

Your experience applies equally to all skills.
You have very sharp teeth.
Your uncanny sense of smell can sniff out nearby items.


Message History

The bat hits you but does no damage. The bat hits you.
* * * LOW HITPOINT WARNING * * *
The adder bites you.
* * * LOW HITPOINT WARNING * * *
The adder bites you but does no damage. The bat hits you but does no damage.
The bat hits you but does no damage. The adder barely misses you.
There is a stone staircase leading up here.
The adder bites you but does no damage.
You climb upwards.
There is a stone staircase leading down here.
It was a potion of berserk rage.
A red film seems to cover your vision as you go berserk!
You feel yourself moving faster!
You feel mighty! The adder bites you.
* * * LOW HITPOINT WARNING * * *
You are lethally poisoned!
The adder poisons you! The adder bites you but does no damage.
You closely miss the adder. Your bite misses the adder.
You die...

#.# ###........# #....##...
#.###.#.#...##.# #.....####
#...........##.# #.........
#.###.#.#.#.##.# ##........
#.#####.#.#.##.# #########
#..............#
###########.#### #
####.##### ### #......@.#
#.. #######.##.###S# #.#
###........#.# #.# #.#
#.......#..#.###.# ### #.#
##.#.###........#.#######.##
#.#
.....#####.................#
#.#
.###............#.#######.##
#.. .# #.#####.##.###.# #.#
### .###.# #......≈.# #.#


You could see an adder.

Vanquished Creatures
  An ooze (D:1)
  2 dart slugs
  2 bats (D:1)
  A giant cockroach (D:2)
  2 goblins
  3 hobgoblins (D:1)
  A kobold (D:1)
  2 frilled lizards (D:1)
  A rat (D:1)
15 creatures vanquished.

Notes
Turn   | Place    | Note
-------+----------+-------------------------------------------
     0 | D:1      | jiml777 the Gnoll Warper began the quest for the Orb.
     0 | D:1      | Reached XP level 1. HP: 20/20 MP: 6/6
   424 | D:1      | Reached XP level 2. HP: 26/26 MP: 7/7
  1336 | D:2      | Reached XP level 3. HP: 12/31 MP: 9/9
  1346 | D:1      | HP: 1/46 [adder (3)]
  1347 | D:1      | Succumbed to an adder's poison

Illustrated notes

Levels and vault maps discovered:
D:1:      giann_horns, layout_loops_corners, serial_rivers,
          chequers_serial_rivers_small_3, chequers_serial_rivers_room_b,
          chequers_serial_rivers_micro_c, chequers_serial_rivers_room_a
D:2:      layout_rooms, lemuel_coloured_pillars_altar, minmay_misc_feat_enclosed

Action                   || total
-------------------------++-------
Melee: Spear             ||    87
       Bite              ||     6
  Use: Potion            ||     1
Armor: Leather armour    ||     1
       Plate armour      ||    86
Dodge: Dodged            ||    43

Table legend: (Time is in decaauts)
 A = Elapsed time spent in this place.
 B = Non-inter-level travel time spent in this place.
 C = Inter-level travel time spent in this place.
 D = Time resting spent in this place.
 E = Time spent auto-exploring this place.
 F = Levels seen in this place.
 G = Mean time per level.
                   A        B        C        D        E       F      G
               +--------+--------+--------+--------+--------+-----+--------+
         Total |   1342 |   1323 |     19 |    251 |    827 |   2 |  671.0 |
       Dungeon |   1342 |   1323 |     19 |    251 |    827 |   2 |  671.0 |
               +--------+--------+--------+--------+--------+-----+--------+

Top non-repeatable levels by time:
     D:1: 1308 daAuts
     D:2: 34 daAuts
